 Dungeon Crawl Stone Soup version 0.21.1-1-g345015fe64 (webtiles) character file.

3791 ghte the Basher (level 9, -2/79 HPs)
             Began as a Minotaur Fighter on June 16, 2018.
             Was a Follower of Makhleb.
             Slain by a death yak (22 damage)
             ... on level 8 of the Dungeon.
             The game lasted 01:01:10 (7802 turns).

ghte the Basher (Minotaur Fighter)                  Turns: 7802, Time: 01:01:11

Health: -2/79      AC: 11    Str: 22    XL:     9   Next: 95%
Magic:  8/8        EV: 10    Int:  5    God:    Makhleb [*.....]
Gold:   444        SH: 11    Dex: 16    Spells: 8/8 levels left

rFire    . . .     SeeInvis .   q - +6 flail of Battle {crush, Fragile MR+ Dex+6}
rCold    . . .     Gourm    .   c - +0 shield
rNeg     . . .     Faith    .   t - +0 scale mail
rPois    .         Spirit   .   (helmet restricted)
rElec    .         Reflect  .   E - +2 cloak {MR+}
rCorr    .         Harm     .   (no gloves)
MR       ++...     Clarity  +   (no boots)
Stlth    ..........             (no amulet)
HPRegen  0.23/turn              (no ring)
MPRegen  0.11/turn              (no ring)

@: about to teleport
A: retaliatory headbutt, horns 2, clarity, weak 1, wild magic 1
a: Renounce Religion


You were on level 8 of the Dungeon.
You worshipped Makhleb.
Makhleb was aware of your devotion.
You were not hungry.

You visited 2 branches of the dungeon, and saw 9 of its levels.

You collected 444 gold pieces.

Inventory:

Hand Weapons
 a - a +0 war axe
 j - a +2 flail of protection
 l - a +2 flail of draining
 q - the +6 flail of Battle (weapon) {crush, Fragile MR+ Dex+6}
   (You found it on level 5 of the Dungeon)

   It inflicts extra damage upon your enemies.
   It affects your dexterity (+6).
   It affects your resistance to hostile enchantments.
   It will be destroyed if unequipped.
 s - a +4 flail of holy wrath
 z - a +1 whip of flaming
Armour
 c - a +0 shield (worn)
 n - a scarf of repulsion
 t - a +0 scale mail (worn)
 E - a +2 cloak of magic resistance (worn)
Jewellery
 i - an uncursed ring of ice
Wands
 b - a wand of random effects (40)
 e - a wand of iceblast (12)
 g - a wand of acid (10)
 m - a wand of flame (28)
 v - a wand of digging (21)
Scrolls
 h - 2 scrolls of identify
 k - a scroll of amnesia
 x - a scroll of enchant weapon
Potions
 d - a potion of might
 o - a potion of lignification
 p - 3 potions of mutation
 u - a potion of brilliance
 w - a potion of curing
Books
 y - a book of Necromancy

   Spells                             Type                      Level
   a - Pain                           Necromancy                   1
   b - Animate Skeleton               Necromancy                   1
   c - Vampiric Draining              Necromancy                   3
   d - Regeneration                   Charms/Necromancy            3
   e - Animate Dead                   Necromancy                   4
   f - Borgnjor's Vile Clutch         Necromancy/Earth             5
Comestibles
 f - 10 rations


   Skills:
 + Level 7.1 Fighting
 + Level 6.0(8.9) Axes
 * Level 10.2(10.8) Maces & Flails
 + Level 8.2 Armour
 + Level 3.4 Dodging
 + Level 7.8 Shields
 + Level 0.2 Evocations


You had 8 spell levels left.
You didn't know any spells.

Dungeon Overview and Level Annotations

Branches:
Dungeon (8/15)             Temple (1/1) D:4            Lair (0/6) D:8

Altars:
Ashenzari
Cheibriados
Dithmenos
Elyvilon
Fedhas
Gozag
Hepliaklqana
Kikubaaqudgha
Makhleb
Nemelex Xobeh
Ru
Sif Muna
Trog
Uskayaw
Vehumet
Wu Jian
Xom
Yredelemnul
Zin
The Shining One

Annotations:
D:5 Menkaure


Innate Abilities, Weirdness & Mutations

You reflexively headbutt those who attack you in melee.
You have a pair of horns on your head.
You possess an exceptional clarity of mind.
You are weak. (Str -2)
Your spells are a little harder to cast, but a little more powerful.


Message History

The death yak gores you!!
You sock the death yak!
The death yak is almost dead.
The death yak gores you. x2; You block the death yak's attack.
You hit the death yak but do no damage.
The death yak is almost dead.
The death yak gores you but does no damage.
The death yak gores you! x2
You sock the death yak!
You kill the death yak!
Makhleb accepts your kill.
Your Fighting skill increases to level 7!
Your Maces & Flails skill increases to level 10!
You block the death yak's attack. The death yak gores you!!
* * * LOW HITPOINT WARNING * * *
A quokka comes into view.
As you read the scroll of teleportation, it crumbles to dust.
You feel strangely unstable. The rat barely misses you.
You furiously retaliate!
You headbutt the rat. The death yak gores you!!
You die...

,,,,,,,,,...........,,,,,,*
,,,,,,,,,,.........,,,,,,,*
,,,,,,,,.,,.......#*********
,,,,,,,,...,......# *≈≈≈≈≈*
,,,,,,*,...##.....####≈*,*≈***
,,,,,,,,.............#≈,_,,+,****
,,,,,,*,.............#≈*,*≈*,,,,,
,,,,,,+,.............#≈≈≈≈≈*,,,,,
,,,,,,*,......sY@....####***,,,,,
,,,,,,**##.....rY........,,,,,,,,
,,,,,,* #............##****,****
,,,,,,***#r...........+,,* *,* *
,,,,,,,,..............#*,***,****
,,,,,,,,.................,,,,,,,,
,,,,,,,,...#.............,,*,****
,,,,,,,,,................,,*,,,,,
*,,*,,>,,#.............(.,,,,,,,,


You could see 2 death yaks, a scorpion, a quokka and a rat.

Vanquished Creatures
  A death yak (D:8)
  Pikel (D:7)
  Grinder (D:4)
  Sigmund (D:3)
  A hungry ghost (D:6)
  Edmund (D:4)
  The ghost of strelocc the Conjurer, an amateur DECj (D:3)
  A slave (D:7)
  2 ice beasts (D:6)
  An orc warrior (D:6)
  2 ogres
  A necrophage (D:6)
  A centaur (D:5)
  3 bullfrogs
  2 gnoll sergeants (D:7)
  A scorpion (D:6)
  2 howler monkeys (D:6)
  A crimson imp (D:5)
  2 hounds (D:4)
  2 orc priests
  A centaur skeleton (D:4)
  A quasit (D:7)
  Crazy Yiuf (D:7)
  2 bullfrog skeletons
  5 iguanas
  An orc wizard (D:5)
  5 worker ants
  12 gnolls
  A howler monkey skeleton (D:6)
  Robin (D:3)
  8 adders
  A shadow imp (D:7)
  2 oozes (D:4)
  3 adder skeletons
  3 worms
  2 dart slugs (D:1)
  A leopard gecko (D:4)
  21 orcs
  6 giant cockroaches
  11 goblins
  11 hobgoblins
  13 jackals
  7 kobolds
  3 quokkas
  A ball python (D:2)
  10 bats
  4 frilled lizards
  A leopard gecko zombie (D:7)
  3 rats
169 creatures vanquished.

Vanquished Creatures (others)
  A jelly (D:7)
  An adder (D:7)
2 creatures vanquished.

Grand Total: 171 creatures vanquished

Notes
Turn   | Place    | Note
-------+----------+-------------------------------------------
     0 | D:1      | ghte the Minotaur Fighter began the quest for the Orb.
     0 | D:1      | Reached XP level 1. HP: 19/19 MP: 0/0
   141 | D:1      | Reached XP level 2. HP: 27/27 MP: 1/1
   933 | D:2      | Reached XP level 3. HP: 33/33 MP: 2/2
  1942 | D:2      | Found an ancient bone altar of Kikubaaqudgha.
  2013 | D:3      | Reached XP level 4. HP: 33/40 MP: 3/3
  2053 | D:3      | Found a basalt altar of Yredelemnul.
  2090 | D:3      | Noticed strelocc's ghost (amateur DECj)
  2100 | D:3      | Killed strelocc's ghost
  2100 | D:3      | Reached XP level 5. HP: 39/47 MP: 4/4
  2145 | D:3      | Reached skill level 5 in Armour
  2150 | D:3      | Noticed Robin
  2157 | D:3      | Killed Robin
  2157 | D:3      | Reached skill level 5 in Shields
  2273 | D:3      | Noticed Sigmund
  2279 | D:3      | Reached XP level 6. HP: 53/53 MP: 5/5
  2355 | D:4      | Reached skill level 1 in Dodging
  2888 | D:3      | Killed Sigmund
  2888 | D:3      | Reached skill level 5 in Axes
  3375 | D:4      | Reached XP level 7. HP: 55/60 MP: 6/6
  3406 | D:4      | Noticed Edmund
  3414 | D:4      | Killed Edmund
  3414 | D:4      | Reached skill level 5 in Fighting
  3414 | D:4      | Reached skill level 1 in Maces & Flails
  3962 | D:4      | Found a white marble altar of Elyvilon.
  3968 | D:4      | Reached skill level 2 in Maces & Flails
  4030 | D:4      | Noticed Grinder
  4033 | D:4      | Killed Grinder
  4033 | D:4      | Reached skill level 3 in Maces & Flails
  4033 | D:4      | Reached XP level 8. HP: 58/69 MP: 7/7
  4039 | D:4      | Found a staircase to the Ecumenical Temple.
  4062 | Temple   | Entered the Ecumenical Temple
  4179 | Temple   | Became a worshipper of Makhleb the Destroyer
  4587 | D:5      | Entered Level 5 of the Dungeon
  4592 | D:5      | Gained mutation: You possess an exceptional clarity of mind. [potion of mutation]
  4592 | D:5      | Gained mutation: You are weak. (Str -2) [potion of mutation]
  4592 | D:5      | Gained mutation: Your spells are a little harder to cast, but a little more powerful. [potion of mutation]
  4657 | D:5      | Reached skill level 4 in Maces & Flails
  5206 | D:5      | Got a crude flail
  5207 | D:5      | Identified the +6 flail of Battle {crush, Fragile MR+ Dex+6} (You found it on level 5 of the Dungeon)
  5286 | D:5      | Noticed Menkaure
  5901 | D:6      | Reached skill level 5 in Maces & Flails
  5960 | D:6      | Reached skill level 6 in Maces & Flails
  6107 | D:6      | Reached skill level 7 in Maces & Flails
  6264 | D:6      | Found a glowing golden altar of the Shining One.
  6310 | D:6      | Found a glowing silver altar of Zin.
  6375 | D:6      | Found a deep blue altar of Sif Muna.
  6385 | D:6      | Reached XP level 9. HP: 77/77 MP: 8/8
  6702 | D:7      | Reached * piety under Makhleb
  6730 | D:6      | Reached skill level 8 in Maces & Flails
  7007 | D:7      | Found a hazy altar of Hepliaklqana.
  7007 | D:7      | Found a hide-covered altar of Uskayaw.
  7007 | D:7      | Found a radiant altar of Vehumet.
  7142 | D:7      | Noticed Pikel
  7155 | D:7      | Killed Pikel
  7155 | D:7      | Reached skill level 9 in Maces & Flails
  7284 | D:7      | Found a snail-covered altar of Cheibriados.
  7551 | D:7      | Found a runed door.
  7555 | D:7      | Noticed Crazy Yiuf
  7559 | D:7      | Killed Crazy Yiuf
  7786 | D:8      | Noticed a death yak
  7791 | D:8      | Noticed a death yak
  7792 | D:8      | Noticed a death yak
  7801 | D:8      | Killed a death yak
  7801 | D:8      | Reached skill level 10 in Maces & Flails
  7802 | D:8      | Slain by a death yak

Skill      XL: |  1  2  3  4  5  6  7  8  9 |
---------------+----------------------------+-----
Armour         | 4 5 6 7 8 |  8.2
Shields        | 4 5 6 7 |  7.8
Fighting       | 4 5 6 7 |  7.1
Axes           | 3 4 5 6 |  6.0
Dodging        | 1 2 3 |  3.4
Maces & Flails | 3 7 10 | 10.2
Evocations     | |  0.2

Action                   |  1- 3 |  4- 6 |  7- 9 || total
-------------------------+-------+-------+-------++-------
Melee: War axe           |   124 |    95 |       ||   219
       Headbutt          |    10 |    19 |    47 ||    76
       Flail             |       |     8 |   210 ||   218
Evoke: Wand              |       |       |     3 ||     3
  Use: Scroll            |       |     8 |    11 ||    19
       Potion            |       |     2 |     9 ||    11
  Eat: Chunk             |     4 |     1 |     7 ||    12
       Ration            |       |     1 |     2 ||     3
Armor: Scale mail        |    53 |    40 |    50 ||   143
       Skin              |       |     1 |       ||     1
Dodge: Dodged            |    40 |    40 |    87 ||   167
       Deflected         |       |     2 |     1 ||     3
Block: Shield            |    68 |    58 |   119 ||   245
